 Dungeon Crawl Stone Soup version 0.30.1-3-gfc49f6343a (webtiles) character file.

Game seed: 5708491058844234984

184 spardeous the Digger (level 5, -2/38 HPs)
             Began as a Demigod Earth Elementalist on July 21, 2023.
             Slain by a wyvern (13 damage)
             ... on level 4 of the Dungeon.
             The game lasted 00:03:49 (2476 turns).

spardeous the Digger (Demigod Earth Elementalist)   Turns: 2476, Time: 00:03:49

Health: -2/38      AC:  4    Str:  9    XL:     5   Next: 13%
Magic:  3/10       EV: 11    Int: 21    God:
Gold:   126        SH:  0    Dex: 14    Spells: 6/7 levels left

rFire   . . .        e - +1 dagger (holy)
rCold   . . .        o - orb {light}
rNeg    . . .        i - +0 leather armour
rPois   .            (no helmet)
rElec   .            l - +0 cloak
rCorr   .            (no gloves)
SInv    .            (no boots)
Will    .....        (no amulet)
Stlth   +            (no ring)
HPRegen 0.26/turn    (no ring)
MPRegen 0.12/turn

%: no passive effects
@: very slightly contaminated, glowing
A: high MP 1, forlorn, divine attributes
a: no special abilities


You were on level 4 of the Dungeon.
You visited 1 branch of the dungeon, and saw 4 of its levels.

You collected 126 gold pieces.

Inventory:

Hand Weapons
 e - a +1 dagger of holy wrath (weapon)
Armour
 a - a +0 robe
 i - a +0 leather armour (worn)
 l - a +0 cloak (worn)
 o - an orb of light (worn)
Scrolls
 f - a scroll of magic mapping {unknown}
 g - 4 scrolls of identify {unknown}
 j - a scroll of amnesia {unknown}
 m - 2 scrolls of blinking {unknown}
 n - a scroll of teleportation {unknown}
 p - a scroll of poison {unknown}
Potions
 b - 2 potions of magic
 c - 2 potions of ambrosia {unknown}
 d - 2 potions of curing {unknown}
 h - a potion of attraction {unknown}
 k - a potion of mutation {unknown}


   Skills:
 - Level 1.7 Dodging
 - Level 1.7 Stealth
 - Level 1.7 Spellcasting
 - Level 0.8 Transmutations
 + Level 5.6 Earth Magic


You had 6 spell levels left.
You knew the following spells:

 Your Spells              Type           Power      Damage    Failure   Level
a - Sandblast             Erth           50%        2d12      2%          1

Your spell library contained the following spells:

 Spells                   Type           Power      Damage    Failure   Level
 Passwall                 Tmut/Erth      12%        N/A       9%          2
 Stone Arrow              Conj/Erth      26%        3d8       21%         3
 Petrify                  Tmut/Erth      15%        N/A       50%         4
 Summon Guardian Golem    Hex/Summ       1%         N/A       54%         3
 Orb of Destruction       Conj           0%         9d5       100%        7
 Spellforged Servitor     Conj/Summ      0%         N/A       100%        7


Dungeon Overview and Level Annotations

Branches:
Dungeon (4/15)             Temple (0/1) D:4


Innate Abilities, Weirdness & Mutations

You have an increased reservoir of magic. (+10% MP)
You shall have no god before yourself.
Your divine heritage dramatically boosts your attributes as you level up.


Message History

Confirm with . or Enter, or press ? or * to list all spells.
Aiming: Sandblast (safe; 2% risk of failure)
Press: ? - help, Shift-Dir - straight line, f - wyvern
Aim: a wyvern (wandering, hasn't noticed you, haloed, 87% to hit)
The blast of sand hits the wyvern!
The wyvern is moderately wounded.
The wyvern hisses angrily.
The wyvern closely misses you.
Sorry, you're not good enough to have a special ability.
Casting: Sandblast (safe; 2% risk of failure)
Confirm with . or Enter, or press ? or * to list all spells.
Aiming: Sandblast (safe; 2% risk of failure)
Press: ? - help, Shift-Dir - straight line, f/p - wyvern
Aim: a wyvern (moderately wounded, haloed, 87% to hit)
The blast of sand hits the wyvern!
The wyvern is almost dead.
The wyvern bites you! x2
* * * LOW HITPOINT WARNING * * *
Sorry, you're not good enough to have a special ability.
Casting: Sandblast (safe; 2% risk of failure)
Confirm with . or Enter, or press ? or * to list all spells.
Aiming: Sandblast (safe; 2% risk of failure)
Press: ? - help, Shift-Dir - straight line, f/p - wyvern
Aim: a wyvern (almost dead, haloed, 87% to hit)
You miscast Sandblast.
You are very lightly contaminated with residual magic.
Nothing appears to happen.
The wyvern barely misses you.
Sorry, you're not good enough to have a special ability.
Casting: Sandblast (safe; 2% risk of failure)
Confirm with . or Enter, or press ? or * to list all spells.
You don't know that spell.
Sorry, you're not good enough to have a special ability.
Unknown command.
Casting: Sandblast (safe; 2% risk of failure)
Confirm with . or Enter, or press ? or * to list all spells.
Aiming: Sandblast (safe; 2% risk of failure)
Press: ? - help, Shift-Dir - straight line, f/p - wyvern
Aim: a wyvern (almost dead, haloed, 87% to hit)
The blast of sand misses the wyvern.
The wyvern bites you!
You die...

.#.###...###...###.####
.. . ##...#...###......
?#.#> #...#...# #..####
.....##.#.....# #.<..#
........#.....# #<##.#
...###..####### #......
#..# ####.## ##..# #
#l@.# #.).....#
#.#)...!.# #.......
#.......## ...#.....#
.#.##.#### . ..


You could see a wyvern.

Vanquished Creatures
  An ogre (D:4)
  2 adders
  5 worms
  4 dart slugs
  2 orcs
  12 bats
  5 endoplasms
  2 giant cockroaches
  5 goblins
  2 hobgoblins
  4 jackals (D:1)
  6 kobolds
  A quokka (D:1)
  A ball python (D:2)
  4 frilled lizards
  3 rats
59 creatures vanquished.

Notes
Turn   | Place    | Note
-------+----------+-------------------------------------------
     0 | D:1      | spardeous the Demigod Earth Elementalist began the quest
                  | for the Orb.
     0 | D:1      | Reached XP level 1. HP: 14/14 MP: 5/5
   146 | D:1      | Reached skill level 3 in Earth Magic
   349 | D:1      | Reached XP level 2. HP: 20/20 MP: 5/7
  1015 | D:2      | Reached XP level 3. HP: 26/26 MP: 4/8
  1019 | D:2      | Reached skill level 4 in Earth Magic
  1773 | D:3      | Reached XP level 4. HP: 33/33 MP: 7/9
  2396 | D:4      | Found a staircase to the Ecumenical Temple.
  2396 | D:4      | Noticed an ogre
  2399 | D:4      | Killed an ogre
  2400 | D:4      | Reached skill level 5 in Earth Magic
  2400 | D:4      | Reached XP level 5. HP: 38/38 MP: 6/10
  2472 | D:4      | Noticed a wyvern
  2476 | D:4      | Slain by a wyvern

Illustrated notes

Levels and vault maps discovered:
D:1:      co_arrival_random_square_maze, layout_loops_ring,
          chequers_ecumenical_altar_twisty, minmay_pentomino_r4
D:2:      layout_basic, basic_altar, minmay_box_of_dots
D:3:      layout_loops_ring, nicolae_kite_square_tiling_tiny
D:4:      layout_loops_cross, yredelemnul_forgotten_temple_becter,
          minmay_temple_entry_tees, minmay_bisected

Skill      XL: |  1  2  3  4 |
---------------+-------------+-----
Earth Magic    | 3 4 5 |  5.6
Dodging        | |  1.7
Stealth        | |  1.7
Spellcasting   | |  1.7
Transmutations | |  0.8

Action                     |  1- 3 |  4- 6 || total
---------------------------+-------+-------++-------
  Melee: Dagger            |     5 |       ||     5
   Cast: Sandblast         |    59 |    20 ||    79
 Armour: Robe              |     5 |       ||     5
         Leather armour    |     2 |     1 ||     3
  Dodge: Dodged            |    19 |     3 ||    22
